 Dungeon Crawl Stone Soup version 0.24.0-2-g5b39cebb1c (webtiles) character file.

Game seed: 6928234988792450010, levelgen mode: deterministic

660 MTVSty1e the Cleaver (level 7, -3/57 HPs)
             Began as a Minotaur Monk on Oct 29, 2019.
             Slain by Crazy Yiuf
             ... wielding a +4 quarterstaff of chaos
              (4 damage)
             ... on level 5 of the Dungeon.
             The game lasted 00:05:50 (4158 turns).

MTVSty1e the Cleaver (Minotaur Monk)                Turns: 4158, Time: 00:05:50

Health: -3/57      AC:  8    Str: 17    XL:     7   Next: 30%
Magic:  15/15      EV:  8    Int:  7    God:
Gold:   313        SH:  0    Dex: 13    Spells: 6/6 levels left

rFire    . . .     SeeInvis .   x - +1 hand axe (pain)
rCold    . . .     Gourm    .   (no shield)
rNeg     + . .     Faith    .   m - +0 chain mail
rPois    .         Spirit   .   (helmet restricted)
rElec    .         Reflect  .   v - scarf {repulsion}
rCorr    .         Harm     .   (no gloves)
MR       .....                  (no boots)
Stlth    ..........             (no amulet)
HPRegen  0.19/turn              o - ring of magical power
MPRegen  0.14/turn              u - ring of positive energy

@: slowed, repel missiles, very slow
A: retaliatory headbutt, horns 2
a: no special abilities


You were on level 5 of the Dungeon.
You were hungry.

You visited 1 branch of the dungeon, and saw 5 of its levels.

You collected 313 gold pieces.

Inventory:

Hand Weapons
 a - a +0 hand axe
 x - a +1 hand axe of pain (weapon)
Armour
 b - a +0 robe
 m - a +0 chain mail (worn)
 v - a scarf of repulsion (worn)
Jewellery
 o - a ring of magical power (left hand)
 u - a ring of positive energy (right hand)
Wands
 d - a wand of iceblast (9)
 h - a wand of scattershot (4)
 w - a wand of digging (6)
 A - a wand of acid (7)
Scrolls
 e - a scroll of identify
 f - 2 scrolls of fear
 g - 2 scrolls of amnesia
 i - a scroll of remove curse
 j - 2 scrolls of teleportation
 k - a scroll of fog
 p - a scroll of immolation
Potions
 l - a potion of haste
 n - a potion of heal wounds {unknown}
 r - 2 potions of curing
 t - a potion of brilliance {unknown}
 z - a potion of berserk rage
Comestibles
 c - 8 rations


   Skills:
 - Level 3.6 Fighting
 + Level 10.2 Axes
 - Level 3.2 Dodging
 - Level 1.5 Stealth


You had 6 spell levels left.
You didn't know any spells.
Your spell library contained the following spells:

 Spells                   Type           Power        Failure   Level  Hunger
 Sting                    Conj/Pois      #...         100%        1    ##.....
 Poisonous Vapours        Pois/Air       #.....       100%        2    ###....
 Mephitic Cloud           Conj/Pois/Air  #.......     100%        3    ####...
 Olgreb's Toxic Radiance  Pois           #.......     100%        4    #####..
 Venom Bolt               Conj/Pois      #.........   100%        5    ######.


Dungeon Overview and Level Annotations

Branches:
Dungeon (5/15)
 Temple: D:4-7

Altars:
Elyvilon
Fedhas
Nemelex Xobeh
Okawaru
The Shining One

Shops:
D:4 %

Annotations:
D:5 Crazy Yiuf


Innate Abilities, Weirdness & Mutations

You reflexively headbutt those who attack you in melee.
You have a pair of horns on your head.


Message History

Crazy Yiuf completely misses you.
You hit Crazy Yiuf. Your headbutt misses Crazy Yiuf.
Crazy Yiuf is heavily wounded.
Crazy Yiuf hits you but does no damage.
You hit Crazy Yiuf but do no damage.
Crazy Yiuf is heavily wounded.
Crazy Yiuf hits you with a +4 quarterstaff of chaos!
You hit Crazy Yiuf. Your headbutt misses Crazy Yiuf.
Crazy Yiuf is severely wounded.
Crazy Yiuf completely misses you.
You closely miss Crazy Yiuf.
Crazy Yiuf is severely wounded.
Crazy Yiuf hits you with a +4 quarterstaff of chaos!
* * * LOW HITPOINT WARNING * * *
Crazy Yiuf freezes you.
* * * LOW HITPOINT WARNING * * *
You hit Crazy Yiuf.
Crazy Yiuf is almost dead.
Crazy Yiuf hits you with a +4 quarterstaff of chaos.
You die...

###########......(...#
#....................#
#.#########..........#
#.# #########..# #.#
#..## #.######## #...#
#.##.).#.### ### ###>#
#....#).#..##...# #.##
## #......####@g...#
#.[# #. ##.#..##
###..)# ##.# #. ######
### ####.####.
#......##. #......##.
##........<
#.......###
#####.##...#
#.....###..##


You could see Crazy Yiuf.

Vanquished Creatures
  A wyvern (D:5)
  2 scorpions (D:4)
  A quasit (D:5)
  An orc wizard (D:4)
  A hound (D:4)
  An iguana (D:5)
  A worker ant (D:5)
  Ijyb (D:5)
  A hound skeleton (D:4)
  Robin (D:2)
  9 adders
  An adder skeleton (D:4)
  4 worms
  A dart slug (D:2)
  4 leopard geckos
  13 orcs
  A giant cockroach (D:5)
  13 goblins
  8 hobgoblins
  12 jackals
  3 kobolds
  2 quokkas
  A ball python skeleton (D:4)
  8 bats
  3 frilled lizards
  A leopard gecko skeleton (D:4)
  A quokka skeleton (D:4)
  3 rats
  A plant (D:4)
100 creatures vanquished.

Vanquished Creatures (others)
  An orc wizard (D:4)
1 creature vanquished.

Grand Total: 101 creatures vanquished

Notes
Turn   | Place    | Note
-------+----------+-------------------------------------------
     0 | D:1      | MTVSty1e the Minotaur Monk began the quest for the Orb.
     0 | D:1      | Reached XP level 1. HP: 19/19 MP: 0/0
   198 | D:1      | Reached skill level 4 in Axes
   203 | D:1      | Reached XP level 2. HP: 16/26 MP: 1/1
   803 | D:2      | Reached skill level 5 in Axes
   803 | D:2      | Reached XP level 3. HP: 28/31 MP: 2/2
   857 | D:2      | Noticed Robin
   873 | D:2      | Killed Robin
   904 | D:2      | Reached skill level 6 in Axes
   904 | D:2      | Reached XP level 4. HP: 34/39 MP: 3/3
  1719 | D:3      | Reached XP level 5. HP: 36/45 MP: 4/4
  1733 | D:3      | Reached skill level 7 in Axes
  1921 | D:3      | Found a sparkling altar of Nemelex Xobeh.
  2021 | D:4      | Found a glowing golden altar of the Shining One.
  2121 | D:4      | Found an iron altar of Okawaru.
  2365 | D:4      | Reached skill level 8 in Axes
  2732 | D:4      | Reached XP level 6. HP: 51/51 MP: 5/5
  2814 | D:4      | Found the +7 Singing Sword {slice, sonic wave}
  3136 | D:4      | Found Utwuacam's Food Boutique.
  3501 | D:5      | Entered Level 5 of the Dungeon
  3505 | D:5      | Reached skill level 9 in Axes
  3532 | D:5      | Found a blossoming altar of Fedhas.
  3753 | D:5      | Noticed a wyvern
  3759 | D:5      | Killed a wyvern
  3759 | D:5      | Reached skill level 10 in Axes
  3759 | D:5      | Reached XP level 7. HP: 21/57 MP: 6/6
  4014 | D:5      | Noticed Ijyb
  4029 | D:5      | Killed Ijyb
  4051 | D:5      | Found a white marble altar of Elyvilon.
  4142 | D:5      | Found a runed translucent door.
  4143 | D:5      | Noticed Crazy Yiuf
  4157 | D:5      | HP: 1/57 [Crazy Yiuf/+4 quarterstaff of chaos (6)]
  4158 | D:5      | Slain by Crazy Yiuf

Levels and vault maps discovered:
D:1:      minmay_arrival_stone_box, layout_basic, chequers_serial_rivers_marsh
D:2:      layout_loops_ring, uniq_robin
D:3:      layout_basic, nemelex_lonely_heart_becter
D:4:      old_forge, layout_basic, okawaru_ov_weapons_minmay, serial_shops,
          nicolae_shop_statue_plus, tso_metal_star
D:5:      layout_rooms, fedhas_altar_2, first_ration, elyvilon_altar_3,
          uniq_ijyb, uniq_crazy_yiuf_cottage

Skill      XL: |  1  2  3  4  5  6 |
---------------+-------------------+-----
Axes           | 4 5 6 8 10 | 10.2
Fighting       | |  3.6
Dodging        | |  3.2
Stealth        | |  1.5

Action                   |  1- 3 |  4- 6 |  7- 9 || total
-------------------------+-------+-------+-------++-------
Melee: Hand axe          |    58 |   231 |    24 ||   313
       Headbutt          |     6 |    43 |     3 ||    52
       War axe           |       |     7 |       ||     7
  Use: Potion            |       |     2 |       ||     2
       Scroll            |       |    14 |       ||    14
 Stab: Sleeping          |     2 |       |       ||     2
  Eat: Ration            |       |     2 |       ||     2
       Chunk             |       |     3 |       ||     3
Armor: Robe              |     4 |       |       ||     4
       Chain mail        |    21 |   139 |     7 ||   167
Dodge: Dodged            |    32 |    85 |    11 ||   128
       Deflected         |       |       |     8 ||     8
